| TOP OF THE 1ST |
|
Jacksonville Suns batting - Pitching for Knoxville Blue Jays : LHP Spiro Psaltis
|
|
Pitching: LHP Spiro Psaltis
|
|
|
Batting: RHB Lyle Brackenridge
|
0-0: Ball 1-0: Called Strike 1-1: Fly out, F9 (Line Drive, 9D, EV 96.9 MPH)
|
|
Batting: RHB David Hoyt
|
0-0: Ball 1-0: Called Strike 1-1: Ball 2-1: Ball 3-1: Foul Ball, location: 2F 3-2: Base on Balls
|
|
Batting: LHB Pete M O'Brien
|
0-0: Foul Ball, location: 2F 0-1: Ball 1-1: Ball 2-1: Grounds into double play, 1-6-3 (Groundball, 13S, EV 62.5 MPH)
|
| Top of the 1st over - 0 runs, 0 hits, 0 errors, 0 left on base; Jacksonville 0 - Knoxville 0 |
| BOTTOM OF THE 1ST |
|
Knoxville Blue Jays batting - Pitching for Jacksonville Suns : LHP Joe W Price
|
|
Pitching: LHP Joe W Price
|
|
|
Batting: RHB Gil Flores
|
0-0: Ball 1-0: Ball 2-0: Ball 3-0: Called Strike 3-1: Foul Ball, location: 2F 3-2: Foul Ball, location: 2F 3-2: Foul Ball, location: 2F 3-2: Foul Ball, location: 2F 3-2: Base on Balls
|
|
Batting: RHB Mike Keister
|
0-0: Called Strike 0-1: Ball 1-1: Fly out, F8 (Flyball, 8RD, EV 83.8 MPH)
|
|
Batting: LHB Eric Peyton
|
0-0: Ball 1-0: Ball 2-0: Swinging Strike 2-1: SINGLE (Line Drive, 8LS, EV 105.0 MPH) Gil Flores to second
|
|
Batting: RHB Hector Cruz
|
0-0: Ball 1-0: Ball 2-0: Swinging Strike 2-1: Grounds into double play, 4-6-3 (Groundball, 4, EV 103.1 MPH)
|
| Bottom of the 1st over - 0 runs, 1 hit, 0 errors, 1 left on base; Jacksonville 0 - Knoxville 0 |
| TOP OF THE 2ND |
|
Jacksonville Suns batting - Pitching for Knoxville Blue Jays : LHP Spiro Psaltis
|
|
Batting: RHB Edward Packard
|
0-0: Called Strike 0-1: Ball 1-1: Swinging Strike 1-2: Foul Ball, location: 2F 1-2: Foul Ball, location: 2F 1-2: Foul Ball, location: 2F 1-2: Strikes out swinging
|
|
Batting: RHB Adrian Monrreal
|
0-0: Ball 1-0: Foul Ball, location: 2F 1-1: Ball 2-1: Called Strike 2-2: Strikes out looking
|
|
Batting: LHB Michael Kelly
|
0-0: Ball 1-0: Ball 2-0: Foul Ball, location: 2F 2-1: Ball 3-1: Base on Balls
|
|
Batting: LHB Charles Ross
|
0-0: Ball 1-0: SINGLE (Groundball, 34D, EV 109.4 MPH) Michael Kelly to second Runner from 2nd tries for 3rd, SAFE, no throw by RF
|
|
Batting: SHB Joe Morales
|
0-0: Called Strike 0-1: Ball 1-1: SINGLE (Line Drive, 8LS, EV 85.6 MPH) Michael Kelly scores Charles Ross to second
|
|
Batting: RHB Mark Nocciolo
|
0-0: DOUBLE (Line Drive, 89D, EV 101.3 MPH) Charles Ross scores Joe Morales to third
|
|
Batting: RHB Lyle Brackenridge
|
0-0: Ball 1-0: Foul Ball, location: 2F 1-1: Foul Ball, location: 2F 1-2: Foul Ball, location: 2F 1-2: Ball 2-2: SINGLE (Groundball, 56D, EV 99.4 MPH) Joe Morales scores Mark Nocciolo to third Runner from 3rd tries for Home, SAFE, throw by LF to home
|
|
Batting: RHB David Hoyt
|
0-0: Ball 1-0: Fielders Choice at 2nd, 6-4 (Groundball, 6, EV 87.5 MPH)
|
| Top of the 2nd over - 4 runs, 4 hits, 0 errors, 1 left on base; Jacksonville 4 - Knoxville 0 |
| BOTTOM OF THE 2ND |
|
Knoxville Blue Jays batting - Pitching for Jacksonville Suns : LHP Joe W Price
|
|
Batting: RHB Wil Culmer
|
0-0: Foul Ball, location: 2F 0-1: Swinging Strike 0-2: Foul Ball, location: 2F 0-2: Ball 1-2: Ball 2-2: Ball 3-2: Fly out, F6 (Flyball, 56D, EV 93.8 MPH)
|
|
Batting: RHB Alex Villalobos
|
0-0: Called Strike 0-1: Swinging Strike 0-2: Ball 1-2: Strikes out swinging
|
|
Batting: RHB Kenny Hanes
|
0-0: Ball 1-0: Called Strike 1-1: Ball 2-1: Called Strike 2-2: Ball 3-2: Fly out, F8 (Line Drive, 8RD, EV 92.5 MPH)
|
| Bottom of the 2nd over - 0 runs, 0 hits, 0 errors, 0 left on base; Jacksonville 4 - Knoxville 0 |
| TOP OF THE 3RD |
|
Jacksonville Suns batting - Pitching for Knoxville Blue Jays : LHP Spiro Psaltis
|
|
Batting: LHB Pete M O'Brien
|
0-0: Called Strike 0-1: Called Strike 0-2: Ball 1-2: Fly out, F7 (Flyball, 7S, EV 93.8 MPH)
|
|
Batting: RHB Edward Packard
|
0-0: SOLO HOME RUN (Flyball, 7D, EV 105.6 MPH), Distance : 420 ft
|
|
Batting: RHB Adrian Monrreal
|
0-0: Called Strike 0-1: Ball 1-1: Foul Ball, location: 2F 1-2: Ground out 6-3 (Groundball, 6, EV 78.8 MPH)
|
|
Batting: LHB Michael Kelly
|
0-0: Ball 1-0: Foul Ball, location: 2F 1-1: Ball 2-1: Called Strike 2-2: Ball 3-2: Strikes out swinging
|
| Top of the 3rd over - 1 run, 1 hit, 0 errors, 0 left on base; Jacksonville 5 - Knoxville 0 |
| BOTTOM OF THE 3RD |
|
Knoxville Blue Jays batting - Pitching for Jacksonville Suns : LHP Joe W Price
|
|
Batting: RHB Danny Hernandez
|
0-0: Ball 1-0: Ball 2-0: Ball 3-0: Called Strike 3-1: Base on Balls
|
|
Batting: LHB Ray Crowley
|
0-0: Called Strike 0-1: Fly out, F6 (Line Drive, 6, EV 67.5 MPH)
|
|
Batting: RHB Gil Flores
|
0-0: Called Strike 0-1: Ball 1-1: Ball 2-1: Ball 3-1: Base on Balls Danny Hernandez to second
|
|
Batting: RHB Mike Keister
|
0-0: Called Strike 0-1: Foul Ball, location: 2F 0-2: Ball 1-2: Strikes out swinging
|
|
Batting: LHB Eric Peyton
|
0-0: Ball 1-0: Ball 2-0: Ball 3-0: Called Strike 3-1: Base on Balls Danny Hernandez to third Gil Flores to second
|
|
Batting: RHB Hector Cruz
|
0-0: Swinging Strike 0-1: Ball 1-1: Foul Ball, location: 2F 1-2: Ball 2-2: Foul Ball, location: 2F 2-2: Ball 3-2: Strikes out swinging
|
| Bottom of the 3rd over - 0 runs, 0 hits, 0 errors, 3 left on base; Jacksonville 5 - Knoxville 0 |
| TOP OF THE 4TH |
|
Jacksonville Suns batting - Pitching for Knoxville Blue Jays : LHP Spiro Psaltis
|
|
Batting: LHB Charles Ross
|
0-0: DOUBLE (Groundball, 5L, EV 96.9 MPH)
|
|
Batting: SHB Joe Morales
|
0-0: Called Strike 0-1: Ball 1-1: Ball 2-1: SINGLE (Line Drive, 78M, EV 95.6 MPH) Charles Ross to third
|
|
Batting: RHB Mark Nocciolo
|
0-0: Called Strike 0-1: Swinging Strike 0-2: Ball 1-2: Ball Joe Morales is caught stealing 2nd base 2-4 2-2: Ball 3-2: Base on Balls
|
|
Batting: RHB Lyle Brackenridge
|
0-0: Called Strike 0-1: Foul Ball, location: 2F 0-2: Strikes out looking
|
|
Batting: RHB David Hoyt
|
0-0: Ball 1-0: Called Strike 1-1: Foul Ball, location: 2F 1-2: Fly out, F9 (Flyball, 9LS, EV 86.3 MPH)
|
| Top of the 4th over - 0 runs, 2 hits, 0 errors, 2 left on base; Jacksonville 5 - Knoxville 0 |
| BOTTOM OF THE 4TH |
|
Knoxville Blue Jays batting - Pitching for Jacksonville Suns : LHP Joe W Price
|
|
Batting: RHB Wil Culmer
|
0-0: Ball 1-0: Swinging Strike 1-1: Ball 2-1: Ball 3-1: Swinging Strike 3-2: Base on Balls
|
|
Batting: RHB Alex Villalobos
|
0-0: Called Strike 0-1: Ball 1-1: Ball 2-1: Grounds into double play, 4-6-3 (Groundball, 4, EV 81.3 MPH)
|
|
Batting: RHB Kenny Hanes
|
0-0: Called Strike 0-1: Ball 1-1: Ball 2-1: Ball 3-1: Foul Ball, location: 2F 3-2: Base on Balls
|
|
Batting: RHB Danny Hernandez
|
0-0: Ball 1-0: Called Strike 1-1: Foul Ball, location: 2F 1-2: Ball 2-2: Ball 3-2: Base on Balls Kenny Hanes to second
|
|
Batting: LHB Ray Crowley
|
0-0: Called Strike 0-1: Ground out 1-3 (Groundball, P, EV 82.5 MPH)
|
| Bottom of the 4th over - 0 runs, 0 hits, 0 errors, 2 left on base; Jacksonville 5 - Knoxville 0 |
| TOP OF THE 5TH |
|
Jacksonville Suns batting - Pitching for Knoxville Blue Jays : LHP Spiro Psaltis
|
|
Batting: LHB Pete M O'Brien
|
0-0: Ball 1-0: Fly out, F9 (Flyball, 89D, EV 100.0 MPH)
|
|
Batting: RHB Edward Packard
|
0-0: Ground out 5-3 (Groundball, 5, EV 98.1 MPH)
|
|
Batting: RHB Adrian Monrreal
|
0-0: SINGLE (Groundball, 6MD, EV 100.6 MPH)
|
|
Batting: LHB Michael Kelly
|
0-0: Ball 1-0: Called Strike 1-1: SINGLE (Line Drive, 8LS, EV 90.6 MPH) Adrian Monrreal to second
|
|
Pitching: RHP Steve Senteney
|
|
|
Batting: LHB Charles Ross
|
0-0: Called Strike 0-1: Ball 1-1: Foul Ball, location: 2F 1-2: Ball 2-2: Foul Ball, location: 2F 2-2: Foul Ball, location: 2F 2-2: Ball 3-2: Ground out 1-3 (Groundball, 25, EV 85.6 MPH)
|
| Top of the 5th over - 0 runs, 2 hits, 0 errors, 2 left on base; Jacksonville 5 - Knoxville 0 |
| BOTTOM OF THE 5TH |
|
Knoxville Blue Jays batting - Pitching for Jacksonville Suns : LHP Joe W Price
|
|
Batting: RHB Gil Flores
|
0-0: Called Strike 0-1: Called Strike 0-2: Ball 1-2: Ground out 6-3 (Groundball, 6S, EV 64.4 MPH)
|
|
Batting: RHB Mike Keister
|
0-0: Ball 1-0: Called Strike 1-1: Ball 2-1: Ball 3-1: Base on Balls
|
|
Batting: LHB Eric Peyton
|
0-0: Called Strike 0-1: Ball 1-1: SINGLE (Groundball, 4MD, EV 103.8 MPH) Mike Keister to second Runner from 2nd tries for 3rd, SAFE, throw by CF made to third
|
|
Batting: RHB Hector Cruz
|
0-0: Foul Ball, location: 2F 0-1: Fielders Choice at 2nd, 1-6 (Groundball, 13S, EV 72.5 MPH)
|
|
Batting: RHB Wil Culmer
|
0-0: Called Strike 0-1: Ball 1-1: Ball 2-1: Called Strike 2-2: Foul Ball, location: 2F 2-2: Strikes out swinging
|
| Bottom of the 5th over - 0 runs, 1 hit, 0 errors, 2 left on base; Jacksonville 5 - Knoxville 0 |
| TOP OF THE 6TH |
|
Jacksonville Suns batting - Pitching for Knoxville Blue Jays : RHP Steve Senteney
|
|
Batting: SHB Joe Morales
|
0-0: Ball 1-0: Foul Ball, location: 2F 1-1: Reached on error, E3 (Flyball, 3D, EV 73.1 MPH)
|
|
Batting: RHB Mark Nocciolo
|
0-0: Called Strike 0-1: Foul Ball, location: 2F 0-2: Foul Ball, location: 2F 0-2: Strikes out swinging
|
|
Batting: RHB Lyle Brackenridge
|
0-0: Ball 1-0: Ball 2-0: Ball 3-0: Base on Balls Joe Morales to second
|
|
Batting: RHB David Hoyt
|
0-0: Called Strike 0-1: Ball 1-1: Ball 2-1: Called Strike 2-2: Grounds into double play, 4-6-3 (Groundball, 4, EV 78.8 MPH)
|
| Top of the 6th over - 0 runs, 0 hits, 1 error, 1 left on base; Jacksonville 5 - Knoxville 0 |
| BOTTOM OF THE 6TH |
|
Knoxville Blue Jays batting - Pitching for Jacksonville Suns : LHP Joe W Price
|
|
Batting: RHB Alex Villalobos
|
0-0: Fly out, F9 (Flyball, 9, EV 91.9 MPH)
|
|
Batting: RHB Kenny Hanes
|
0-0: Called Strike 0-1: Swinging Strike 0-2: Ball 1-2: Fly out, F7 (Flyball, 78D, EV 95.6 MPH)
|
|
Batting: RHB Danny Hernandez
|
0-0: Ball 1-0: Ball 2-0: Foul Ball, location: 2F 2-1: Ground out 5-3 (Groundball, 5L, EV 100.6 MPH)
|
| Bottom of the 6th over - 0 runs, 0 hits, 0 errors, 0 left on base; Jacksonville 5 - Knoxville 0 |
| TOP OF THE 7TH |
|
Jacksonville Suns batting - Pitching for Knoxville Blue Jays : RHP Steve Senteney
|
|
Batting: LHB Pete M O'Brien
|
0-0: Called Strike 0-1: Ball 1-1: Called Strike 1-2: Fly out, F8 (Flyball, 8LS, EV 80.6 MPH)
|
|
Batting: RHB Edward Packard
|
0-0: Ball 1-0: Ball 2-0: Ground out 4-3 (Groundball, 4MD, EV 105.0 MPH)
|
|
Batting: RHB Adrian Monrreal
|
0-0: Ball 1-0: Ball 2-0: Ball 3-0: Called Strike 3-1: Called Strike 3-2: Foul Ball, location: 2F 3-2: Ground out 5-3 (Groundball, 56, EV 87.5 MPH)
|
| Top of the 7th over - 0 runs, 0 hits, 0 errors, 0 left on base; Jacksonville 5 - Knoxville 0 |
| BOTTOM OF THE 7TH |
|
Knoxville Blue Jays batting - Pitching for Jacksonville Suns : LHP Joe W Price
|
|
Batting: LHB Ray Crowley
|
0-0: Ball 1-0: Ball 2-0: Ball 3-0: Base on Balls
|
|
Batting: RHB Gil Flores
|
0-0: Called Strike 0-1: Ball 1-1: Ball 2-1: Swinging Strike 2-2: Fielders Choice at 2nd, 4-6 (Groundball, 4M, EV 81.3 MPH)
|
|
Batting: RHB Mike Keister
|
0-0: Ball 1-0: Foul Ball, location: 2F 1-1: Ball Gil Flores steals 2nd base 2-1: Ball Gil Flores is caught stealing 3rd base 2-5 3-1: Called Strike 3-2: Foul Ball, location: 2F 3-2: Ground out 5-3 (Groundball, 56, EV 76.9 MPH)
|
| Bottom of the 7th over - 0 runs, 0 hits, 0 errors, 0 left on base; Jacksonville 5 - Knoxville 0 |
| TOP OF THE 8TH |
|
Jacksonville Suns batting - Pitching for Knoxville Blue Jays : RHP Steve Senteney
|
|
Batting: LHB Michael Kelly
|
0-0: Ball 1-0: Foul Ball, location: 2F 1-1: Ball 2-1: Called Strike 2-2: SINGLE (Flyball, 56D, EV 97.5 MPH)
|
|
Batting: LHB Charles Ross
|
0-0: Ground out 5-3 (Groundball, 56, EV 82.5 MPH) Michael Kelly to second
|
|
Batting: SHB Joe Morales
|
0-0: Ball 1-0: Called Strike 1-1: Ball 2-1: Fly out, F9 (Flyball, 9S, EV 87.5 MPH)
|
|
Pitching: LHP Robby Lopez
|
|
|
Batting: RHB Mark Nocciolo
|
0-0: DOUBLE (Line Drive, 7LM, EV 111.3 MPH) Michael Kelly scores
|
|
Batting: RHB Lyle Brackenridge
|
0-0: Ground out 6-3 (Groundball, 6, EV 91.3 MPH)
|
| Top of the 8th over - 1 run, 2 hits, 0 errors, 1 left on base; Jacksonville 6 - Knoxville 0 |
| BOTTOM OF THE 8TH |
|
Knoxville Blue Jays batting - Pitching for Jacksonville Suns : LHP Joe W Price
|
|
Batting: LHB Eric Peyton
|
0-0: Fly out, F9 (Flyball, 9S, EV 83.8 MPH)
|
|
Batting: RHB Hector Cruz
|
0-0: Called Strike 0-1: Called Strike 0-2: Ball 1-2: Ground out 2-3 (Groundball, 2R, EV 61.9 MPH)
|
|
Batting: RHB Wil Culmer
|
0-0: Ball 1-0: Called Strike 1-1: Swinging Strike 1-2: Ball 2-2: Ball 3-2: Base on Balls
|
|
Batting: RHB Alex Villalobos
|
0-0: Ball 1-0: Fly out, F3 (Popup, 34S, EV 81.3 MPH)
|
| Bottom of the 8th over - 0 runs, 0 hits, 0 errors, 1 left on base; Jacksonville 6 - Knoxville 0 |
| TOP OF THE 9TH |
|
Jacksonville Suns batting - Pitching for Knoxville Blue Jays : LHP Robby Lopez
|
|
Batting: RHB David Hoyt
|
0-0: Ball 1-0: Ground out 6-3 (Groundball, 6S, EV 69.4 MPH)
|
|
Batting: LHB Pete M O'Brien
|
0-0: Ball 1-0: Ball 2-0: Called Strike 2-1: Ball 3-1: Ground out U3 (Groundball, 3L, EV 81.3 MPH)
|
|
Batting: RHB Edward Packard
|
0-0: Ball 1-0: Called Strike 1-1: Called Strike 1-2: Foul Ball, location: 2F 1-2: Foul Ball, location: 2F 1-2: Ball 2-2: Ball 3-2: Strikes out looking
|
| Top of the 9th over - 0 runs, 0 hits, 0 errors, 0 left on base; Jacksonville 6 - Knoxville 0 |
| BOTTOM OF THE 9TH |
|
Knoxville Blue Jays batting - Pitching for Jacksonville Suns : LHP Joe W Price
|
|
Batting: RHB Kenny Hanes
|
0-0: Foul Ball, location: 2F 0-1: Ball 1-1: Foul Ball, location: 2F 1-2: SINGLE (Line Drive, 89S, EV 102.5 MPH)
|
|
Batting: RHB Danny Hernandez
|
0-0: Foul Ball, location: 2F 0-1: Foul Ball, location: 2F 0-2: Ball 1-2: Fly out, F7 (Line Drive, 7, EV 91.3 MPH)
|
|
Batting: LHB Ray Crowley
|
0-0: Ball 1-0: 2-RUN HOME RUN (Flyball, 89XD, EV 100.6 MPH), Distance : 443 ft
|
|
Batting: RHB Gil Flores
|
0-0: Called Strike 0-1: Foul Ball, location: 2F 0-2: Foul Ball, location: 2F 0-2: Ball 1-2: Ball 2-2: Ball 3-2: Ground out 1-3 (Groundball, 13S, EV 64.4 MPH)
|
|
Batting: RHB Mike Keister
|
0-0: Swinging Strike 0-1: Ball 1-1: Ball 2-1: Ball 3-1: Called Strike 3-2: Foul Ball, location: 2F 3-2: Foul Ball, location: 2F 3-2: Ground out 4-3 (Groundball, 4, EV 82.5 MPH)
|
| Bottom of the 9th over - 2 runs, 2 hits, 0 errors, 0 left on base; Jacksonville 6 - Knoxville 2 |
|